Map: Blueshift LE

Players

Taldan

  • Race: Protoss Protoss
  • Spawn Location: 1:00

EndOfLine - Winner!

  • Race: Zerg Zerg
  • League: Master
  • Spawn Location: 7:00

Event: Cheeseadelphia 8

VOD

Have the link to the VOD?

Description

Time

  • Played on: Dec. 8, 2018, 11:17 a.m.
  • Length: 4:25

All games in this series

Show
View Real Time Build Order
Export as new Build Order

Taldan Protoss 

Build Orders:  

Get SALT Encoding   

  12  0:00  Probe  
  13  0:12  Probe  
  14  0:17  Pylon  
  14  0:24  Probe  
  15  0:36  Forge  
  15  0:43  Pylon  
  15  0:55  Probe  
  16  1:06  Gateway  
  16  1:11  Photon Cannon  
  16  1:36  Photon Cannon  
  16  1:43  Pylon  
  16  1:57  Assimilator  
  17  2:01  Assimilator, Cybernetics Core  
  17  2:04  Photon Cannon  
  17  2:06  Probe  
  17  2:14  Probe  
  17  2:22  Probe  
  18  2:28  Stalker  
  19  2:33  Probe  
  20  2:41  Probe  
  22  2:49  Probe  
  23  2:56  Adept  
  26  3:08  Probe  
  26  3:09  Robotics Facility  
  27  3:14  Stalker  
  27  3:15  Shield Battery  
  28  3:55  Robotics Facility  
Show
View Real Time Build Order
Export as new Build Order

EndOfLine Zerg - Winner!

Build Orders: Pool Only 

Get SALT Encoding   

  12  0:01  Drone  
  13  0:08  Drone  
  14  0:25  Spawning Pool  
  13  0:29  Drone  
  13  0:32  Extractor  
  13  0:35  Drone  
  14  0:37  Extractor  
  14  0:41  Drone  
  15  0:49  Overlord  
  15  1:13  Zergling x6  
  18  1:19  Queen  
  20  1:28  Drone  
  19  1:47  Drone x2  
  18  1:58  Roach Warren  
  18  1:59  Drone  
  18  2:17  Overlord  
  18  2:38  Roach x4  
  26  2:44  Overlord  
  26  2:59  Ravager  
  26  3:00  Ravager x2  
  26  3:04  Drone x2  
  26  3:05  Drone x2  
  33  3:07  Extractor  
  32  3:13  Overlord  
  32  3:26  Ravager  
  33  3:35  Zergling x4  
  35  3:42  Overlord  
  35  3:46  Overlord  
  35  3:52  Overlord  
  35  4:05  Overlord  
Tags
 
Add a new tag
Caveats
  • Supply blocks, unpowered buildings, or Contaminate may cause inaccurate times.
  • Supply counts are checked every 10 seconds.